 Dungeon Crawl Stone Soup version 0.30-b1-5-g8e6c1be481 (webtiles) character file.

Game seed: 10093537654012671047

1710 Exaltedone87 the Slasher (level 8, -3/62 HPs)
             Began as a Demonspawn Gladiator on May 4, 2023.
             Was a Follower of Makhleb.
             Killed from afar by a steam dragon (7 damage)
             ... with a ball of steam
             ... on level 7 of the Dungeon.
             The game lasted 00:14:54 (5130 turns).

Exaltedone87 the Slasher (Demonspawn Gladiator)     Turns: 5130, Time: 00:14:56

Health: -3/62      AC:  7    Str: 17    XL:     8   Next: 74%
Magic:  11/11      EV: 16    Int: 10    God:    Makhleb [*.....]
Gold:   401        SH:  0    Dex: 12    Spells: 7/7 levels left

rFire   . . .        a - +0 long sword
rCold   + . .        (no shield)
rNeg    . . .        b - +0 leather armour
rPois   .            c - +0 helmet
rElec   .            l - +0 cloak
rCorr   .            y - +1 pair of gloves
SInv    .            (no boots)
Will    .....        (no amulet)
Stlth   +            o - ring of flight
HPRegen 0.30/turn    r - ring of protection from cold
MPRegen 0.12/turn

%: clarity
@: flying
A: repulsion field 2, icemail 1, condensation shield, weakness stinger 1, hooves
1, clarity, clumsy 1
a: Renounce Religion


You were on level 7 of the Dungeon.
You worshipped Makhleb.
Makhleb was aware of your devotion.
You visited 2 branches of the dungeon, and saw 8 of its levels.

You collected 401 gold pieces.

Inventory:

Hand Weapons
 a - a +0 long sword (weapon)
Missiles
 d - 6 throwing nets (quivered)
 e - a javelin
Armour
 b - a +0 leather armour (worn)
 c - a +0 helmet (worn)
 l - a +0 cloak (worn)
 t - a scarf of invisibility
 y - a +1 pair of gloves (worn)
Jewellery
 o - a ring of flight (left hand)
 r - a ring of protection from cold (right hand)
Wands
 m - a wand of roots (4)
 u - a wand of mindburst (19)
 x - a wand of digging (4)
Scrolls
 i - 3 scrolls of identify
 j - a scroll of poison
 k - a scroll of teleportation
Potions
 f - a potion of haste {unknown}
 g - 5 potions of curing
 h - 2 potions of brilliance
 s - a potion of attraction


   Skills:
 + Level 5.1 Fighting
 * Level 6.8 Long Blades
 - Level 1.7 Throwing
 + Level 3.4 Armour
 + Level 5.1 Dodging
 + Level 4.9 Invocations


You had 7 spell levels left.
You didn't know any spells.
Your spell library contained the following spells:

 Spells                   Type           Power      Damage    Failure   Level
 Magic Dart               Conj           0%         1d3       41%         1
 Call Imp                 Summ           0%         N/A       56%         2
 Dazzling Flash           Conj/Hex       0%         N/A       80%         3
 Mephitic Cloud           Conj/Pois/Air  0%         N/A       80%         3
 Volatile Blastmotes      Fire/Tloc      0%         2d10      80%         3
 Iskenderun's Mystic Bla  Conj/Tloc      0%         2d3       99%         4
 Starburst                Conj/Fire      0%         6d3       100%        6


Dungeon Overview and Level Annotations

Branches:
Dungeon (7/15)             Temple (1/1) D:4

Altars:
Ashenzari
Cheibriados
Dithmenos
Fedhas
Gozag
Hepliaklqana
Kikubaaqudgha
Makhleb
Nemelex Xobeh
Okawaru
Ru
Sif Muna
Trog
Uskayaw
Xom


Innate Abilities, Weirdness & Mutations

You are surrounded by a moderate repulsion field. (EV +3)
A meltable icy envelope protects you from harm. (AC +0)
A meltable shield of frost defends you. (SH +0)
You have a small tail.
You have large cloven feet.
You possess an exceptional clarity of mind.
You are clumsy. (Dex -2)


Message History

The steam dragon is lightly wounded.
You are engulfed in a cloud of scalding steam.
Your icy defences dissipate!
The steam dragon misses you. The steam dragon barely misses you.
You hit the steam dragon.
The steam dragon is lightly wounded.
You are engulfed in a cloud of scalding steam.
The steam dragon bites you. The steam dragon barely misses you.
You hit the steam dragon. You kick the steam dragon.
The steam dragon is heavily wounded.
You are engulfed in a cloud of scalding steam.
The steam dragon misses you. The steam dragon barely misses you.
You barely miss the steam dragon. Your kick misses the steam dragon.
The steam dragon is heavily wounded.
You are engulfed in a cloud of scalding steam.
The steam dragon breathes steam at you. The ball of steam hits you.
You slash the steam dragon!
You kick the steam dragon, but do no damage.
The steam dragon is severely wounded.
The steam dragon closely misses you. The steam dragon completely misses you.
You hit the steam dragon but do no damage.
Your tail-slap misses the steam dragon.
You punch the steam dragon, but do no damage.
The steam dragon is severely wounded.
The steam dragon barely misses you. The steam dragon claws you.
You closely miss the steam dragon.
The steam dragon is severely wounded.
The steam dragon barely misses you. The steam dragon closely misses you.
The steam dragon breathes steam at you. The ball of steam hits you!
* * * LOW HITPOINT WARNING * * *
You hit the steam dragon but do no damage.
Your kick misses the steam dragon.
The steam dragon is severely wounded.
You are engulfed in a cloud of scalding steam.
* * * LOW HITPOINT WARNING * * *
The steam dragon breathes steam at you. The ball of steam hits you!
You die...

+....+ #....#
#####....###
...........#
...........#
...........#
#....
.......D)..#
+....
.......@)..####
#....
.....##+#.....#
#... ...
+.....# #... .
#.....+ #...
#.....# ##...
#.....# #....
#.....# #....
#.....# #....
#.....# #....


You could see a steam dragon (catching breath).

Vanquished Creatures
  Pikel (D:4)
  Menkaure (D:5)
  2 water moccasins
  2 ice beasts
  2 scorpions (D:6)
  4 hounds
  2 jellies (D:5)
  2 orc priests
  A gnoll bouda (D:5)
  3 iguanas
  2 orc wizards
  A sleepcap (D:6)
  9 gnolls
  6 adders
  An ufetubus (D:5)
  2 dart slugs (D:1)
  13 orcs
  4 ball pythons
  5 bats
  4 endoplasms
  3 giant cockroaches
  2 goblins
  6 hobgoblins
  8 jackals
  3 quokkas
  3 frilled lizards
  6 kobolds
  4 rats
102 creatures vanquished.

Vanquished Creatures (others)
  3 plants (D:3)
3 creatures vanquished.

Grand Total: 105 creatures vanquished

Notes
Turn   | Place    | Note
-------+----------+-------------------------------------------
     0 | D:1      | Exaltedone87 the Demonspawn Gladiator began the quest for
                  | the Orb.
     0 | D:1      | Reached XP level 1. HP: 16/16 MP: 1/1
   118 | D:1      | Found a faded altar of an unknown god.
   163 | D:1      | Reached skill level 3 in Long Blades
   163 | D:1      | Gained mutation: You have a small tail. [demonic ancestry]
   163 | D:1      | Reached XP level 2. HP: 13/22 MP: 2/2
   376 | D:1      | Gained mutation: A meltable shield of frost defends you.
                  | (SH +0) [demonic ancestry]
   376 | D:1      | Reached XP level 3. HP: 26/28 MP: 3/3
  1605 | D:3      | Reached XP level 4. HP: 30/34 MP: 4/4
  1852 | D:3      | Found a shadowy altar of Dithmenos.
  2013 | D:3      | Reached skill level 4 in Long Blades
  2459 | D:3      | Reached XP level 5. HP: 41/41 MP: 5/5
  2619 | D:4      | Found a staircase to the Ecumenical Temple.
  2637 | Temple   | Entered the Ecumenical Temple
  2764 | Temple   | Became a worshipper of Makhleb the Destroyer
  2851 | D:4      | Noticed a lemure
  2852 | D:4      | Noticed Pikel
  2861 | D:4      | Noticed a lemure
  2863 | D:4      | Noticed a lemure
  2872 | D:4      | Noticed a lemure
  2879 | D:4      | Killed Pikel
  2880 | D:4      | Reached skill level 5 in Long Blades
  2880 | D:4      | Reached skill level 1 in Armour
  2880 | D:4      | Gained mutation: You are surrounded by a mild repulsion
                  | field. (EV +2) [demonic ancestry]
  2880 | D:4      | Reached XP level 6. HP: 7/48 MP: 5/7
  2880 | D:4      | Gained mutation: You are surrounded by a moderate repulsion
                  | field. (EV +3) [demonic ancestry]
  2880 | D:4      | Reached XP level 7. HP: 7/53 MP: 5/8
  3363 | D:4      | Gained mutation: You are dopey. (Int -2) [potion of
                  | mutation]
  3363 | D:4      | Gained mutation: You have large cloven feet. [potion of
                  | mutation]
  3363 | D:4      | Gained mutation: You are clumsy. (Dex -2) [potion of
                  | mutation]
  3363 | D:4      | Gained mutation: You are somewhat resistant to further
                  | mutation. [potion of mutation]
  3364 | D:4      | Lost mutation: You are dopey. (Int -2) [potion of mutation]
  3364 | D:4      | Lost mutation: You are somewhat resistant to further
                  | mutation. [potion of mutation]
  3364 | D:4      | Gained mutation: You possess an exceptional clarity of
                  | mind. [potion of mutation]
  3383 | D:5      | Entered Level 5 of the Dungeon
  3446 | D:5      | Found a snail-covered altar of Cheibriados.
  3613 | D:5      | Noticed Menkaure
  3622 | D:5      | Killed Menkaure
  3923 | D:5      | Reached skill level 6 in Long Blades
  3923 | D:5      | Gained mutation: A meltable icy envelope protects you from
                  | harm. (AC +0) [demonic ancestry]
  3923 | D:5      | Reached XP level 8. HP: 54/61 MP: 10/10
  4269 | D:5      | Reached * piety under Makhleb
  4540 | D:6      | Reached skill level 5 in Dodging
  4610 | D:6      | Reached skill level 5 in Fighting
  5130 | D:7      | Killed from afar by a steam dragon

Illustrated notes

Levels and vault maps discovered:
D:1:      dpeg_arrival_tiny_c, layout_basic,
          shapermc_ecumenical_altar_mp_highgroup
D:2:      layout_basic
D:3:      layout_basic, grunt_dithmenos_smoke, serial_bayou_lagoon_b
D:4:      layout_rooms, minmay_temple_entry_sparse_star, uniq_pikel
D:5:      layout_cave_pools, kennysheep_diamond, uniq_menkaure
D:6:      layout_rooms
D:7:      layout_gridville
Temple:   nicolae_temple_two_arcs

Skill      XL: |  1  2  3  4  5  6  7  8 |
---------------+-------------------------+-----
Long Blades    | 3 4 5 6 |  6.8
Dodging        | 3 4 5 |  5.1
Fighting       | 3 4 5 |  5.1
Armour         | 1 2 3 |  3.4
Invocations    | 2 3 4 |  4.9
Throwing       | |  1.7

Action                     |  1- 3 |  4- 6 |  7- 9 || total
---------------------------+-------+-------+-------++-------
  Melee: Long sword        |    82 |    88 |   178 ||   348
         Tailslap          |     7 |    17 |    25 ||    49
         Punch             |       |     2 |     3 ||     5
         Kick              |       |       |    51 ||    51
    Use: Scroll            |     6 |     1 |     2 ||     9
         Potion            |       |     1 |    10 ||    11
   Stab: Sleeping          |     2 |       |     1 ||     3
         Invisible         |       |       |     1 ||     1
 Armour: Leather armour    |    27 |    20 |    48 ||    95
  Dodge: Dodged            |    46 |    53 |   139 ||   238
  Block: Other             |     6 |    12 |    34 ||    52
